AoeStats
← Luke Vickerry

Black Forest

509421896Analyzed
4v4 RM · 5d ago on Sep 26, 2026· 49m 40s· 8 players
Game mode
Random Map
Map size
Large (8 player)
Population
200
Speed
Normal
Resources
Standard
Victory
Conquest
Starting age
Dark Age
Ending age
Imperial Age
RankedLock teamsTeams togetherTeam positionsShared explorationLock speedFull tech treeHidden civsTurbo modeCheats
Victory
Defeat
🇮🇳 Vietnamese · India
1100
+23
🇹🇷 Khmer · Türkiye
1057
+16
🇹🇷 Franks · Türkiye
1046
+16
🇹🇷 Bohemians · Türkiye
929
+22
🇨🇳 Spanish · China
1099
-35
🇦🇷 Celts · Argentina
1051
-17
🇦🇷 Chinese · Argentina
1048
-17
🇦🇷 Jurchens · Argentina
1000
-15
haydari
0:26 Loom
13:57 Feudal Age
16:10 Double-Bit Axe
19:49 Castle Age
17:58 Fishing Lines
19:42 Stone Mining
19:44 Gold Mining
21:25 Bow Saw
22:27 Gillnets
28:22 Imperial Age
29:46 Wheelbarrow
33:32 Gold Shaft Mining
32:43 Horse Collar
34:55 Bloodlines
34:46 Husbandry
34:08 Light Cavalry
36:09 Chemistry
35:24 Double Crossbow
36:03 Hand Cart
35:35 Town Watch
35:44 Fletching
36:46 Caravan
37:32 Heavy Scorpion
39:02 Heavy Plow
38:29 Hussar
42:12 Elite Ballista Elephant
43:08 Siege Engineers
45:04 Forging
45:00 Scale Barding Armor
47:04 Stone Shaft Mining
49:00 Iron Casting
48:46 Chain Barding Armor
Hyrousek
2:36 Loom
12:34 Feudal Age
13:06 Double-Bit Axe
15:12 Horse Collar
20:16 Castle Age
19:36 Fletching
21:27 Bow Saw
21:18 Heavy Plow
21:11 Gold Mining
21:15 Stone Mining
23:35 Padded Archer Armor
24:17 Wheelbarrow
25:31 Hand Cart
26:40 Bodkin Arrow
27:28 Town Watch
28:35 Thumb Ring
29:46 Stone Shaft Mining
30:02 Town Patrol
31:52 Leather Archer Armor
36:14 Imperial Age
37:47 Paper Money
37:31 Bracer
37:59 Ballistics
39:37 Chemistry
41:32 Ring Archer Armor
40:26 Elite Rattan Archer
41:04 Onager
44:24 Crop Rotation
44:56 Two-Man Saw
Sagapuju︻デ 一
0:28 Loom
13:15 Feudal Age
17:56 Castle Age
16:02 Double-Bit Axe
16:00 Horse Collar
27:59 Heavy Plow
29:39 Bow Saw
30:15 Wheelbarrow
30:11 Pikeman
30:53 Squires
30:38 Arson
34:14 Imperial Age
32:46 Forging
32:36 Scale Mail Armor
33:47 Hand Cart
34:16 Iron Casting
34:48 Chemistry
34:08 Ballistics
34:06 Masonry
33:51 Murder Holes
34:45 Halberdier
37:20 Two-Man Saw
36:32 Wagenburg Tactics
36:47 Conscription
38:50 Blast Furnace
38:05 Chain Mail Armor
38:04 Siege Engineers
39:52 Houfnice
41:40 Plate Mail Armor
41:12 Caravan
Elbaron
0:33 Loom
17:18 Feudal Age
21:52 Castle Age
21:26 Double-Bit Axe
27:56 Bow Saw
29:43 Fishing Lines
32:25 Scale Barding Armor
32:31 Forging
32:34 Gillnets
32:36 Gold Mining
32:36 Stone Mining
32:57 Husbandry
35:26 Wheelbarrow
34:37 Town Watch
36:04 Husbandry
35:25 Light Cavalry
36:49 Gold Shaft Mining
36:35 Chain Barding Armor
36:50 Iron Casting
39:15 Imperial Age
37:00 Hand Cart
36:46 Town Patrol
37:25 Padded Archer Armor
37:15 Fletching
37:17 Ordonnance Companies
39:39 Leather Archer Armor
39:48 Ballistics
39:09 Treadmill Crane
39:18 Elite Skirmisher
39:55 Bodkin Arrow
40:43 Imperial Skirmisher
42:43 Plate Barding Armor
42:08 Scale Mail Armor
43:10 Blast Furnace
42:17 Cranequins
42:29 Heavy Mounted Crossbowman
44:26 Conscription
44:10 Cavalier
45:49 Chivalry
47:36 Paladin
truj
12:09 Feudal Age
16:44 Castle Age
16:06 Horse Collar
16:19 Stone Mining
16:43 Double-Bit Axe
18:47 Loom
22:32 Scale Barding Armor
31:09 Bloodlines
31:36 Forging
33:44 Wheelbarrow
32:55 Town Watch
36:17 Hand Cart
37:24 Husbandry
38:09 Bow Saw
43:48 Imperial Age
41:36 Heavy Plow
43:12 Chain Barding Armor
43:28 Iron Casting
42:53 Scale Mail Armor
44:03 Ballistics
43:49 Siege Engineers
43:58 Heavy Rocket Cart
47:15 Chemistry
BELiKA
0:30 Loom
11:40 Feudal Age
17:37 Castle Age
15:45 Double-Bit Axe
17:19 Horse Collar
19:29 Fishing Lines
20:15 Bow Saw
21:25 Wheelbarrow
25:10 Heavy Plow
27:28 Hand Cart
32:37 Imperial Age
30:38 Town Watch
31:07 Stone Mining
31:11 Gold Mining
31:58 Town Patrol
33:38 Fletching
33:48 Padded Archer Armor
34:13 Ballistics
35:12 Conscription
35:05 Bodkin Arrow
35:53 Leather Archer Armor
36:45 Chemistry
35:56 Fortified Wall
35:41 Murder Holes
36:00 Masonry
35:58 Great Wall
35:20 Elite Chu Ko Nu
37:24 Gillnets
38:21 Rocketry
37:51 Heavy Scorpion
38:48 Bracer
39:18 Ring Archer Armor
39:26 Ring Archer Armor
40:04 Two-Man Saw
40:09 Gold Shaft Mining
41:27 Stone Shaft Mining
41:33 Architecture
41:26 Heavy Rocket Cart
42:31 Capped Ram
44:53 Forging
44:43 Scale Mail Armor
44:49 Scale Barding Armor
45:24 Husbandry
45:34 Bloodlines
44:47 Cavalier
45:47 Squires
45:32 Arson
45:07 Elite Fire Lancer
45:08 Pikeman
48:07 Chain Mail Armor
48:38 Iron Casting
Luke Vickerry
0:28 Loom
863111034
10:30 Loom
12:18 Feudal Age
14:15 Horse Collar
17:03 Double-Bit Axe
20:49 Castle Age
21:33 Fletching
24:52 Bow Saw
25:46 Bloodlines
25:40 Husbandry
26:43 Heavy Plow
26:54 Bodkin Arrow
27:00 Padded Archer Armor
27:08 Scale Barding Armor
27:16 Pikeman
27:57 Squires
32:04 Leather Archer Armor
34:01 Chain Barding Armor
36:06 Ballistics
36:05 Forging
36:41 Gold Mining
36:44 Stone Mining
40:07 Imperial Age
39:21 Iron Casting
40:35 Elite Conquistador
43:29 Chemistry
43:09 Ring Archer Armor
42:40 Bracer
42:47 Bracer
43:50 Wheelbarrow
44:45 Two-Man Saw
45:32 Hoardings
44:28 Halberdier
Connection lost

Rejoining the realm…

Still unreachable

The connection could not be restored.

Session expired

The server has moved on; the page needs a fresh start.